Map: Lightshade LE

Players

Massa

  • Race: Terran Terran
  • League: Platinum
  • Spawn Location: 11:00

Sunny - Winner!

  • Race: Zerg Zerg
  • League: Platinum
  • Spawn Location: 5:00

VOD

Have the link to the VOD?

Description

Time

  • Played on: Oct. 27, 2020, 3:15 p.m.
  • Length: 14:38
Show
View Real Time Build Order
Export as new Build Order

Massa Terran 

Build Orders:  

Get SALT Encoding   

  12  0:00  SCV  
  13  0:12  SCV  
  14  0:17  Supply Depot  
  14  0:24  SCV  
  15  0:38  SCV  
  15  0:39  Barracks  
  16  0:50  Refinery, SCV  
  17  1:03  SCV  
  18  1:15  SCV  
  19  1:27  SCV  
  20  1:33  Marine  
  21  1:40  Command Center  
  21  1:45  Orbital Command  
  21  1:51  Reaper  
  22  2:04  Supply Depot  
  22  2:13  SCV  
  22  2:14  Supply Depot  
  23  2:20  Factory  
  23  2:36  Supply Depot  
  23  2:39  SCV  
  24  2:51  SCV  
  25  2:52  Command Center  
  25  3:10  Barracks Reactor, Factory Reactor  
  25  3:12  Orbital Command  
  25  3:17  Bunker  
  25  3:21  Supply Depot  
  25  3:30  SCV  
  26  3:35  Refinery  
  26  3:39  Starport  
  26  3:40  SCV  
  27  3:42  SCV  
  27  3:47  Supply Depot  
  28  3:54  Marine x2  
  28  3:55  SCV  
  31  4:05  SCV  
  31  4:07  SCV  
  31  4:08  Orbital Command  
  33  4:11  Hellion, Marine  
  33  4:14  Marine  
  37  4:37  SCV, Engineering Bay  
  37  4:38  SCV x2  
  40  4:42  Refinery  
  40  4:49  SCV  
  40  4:50  SCV x2  
  40  4:51  Liberator  
  50  4:52  Hellion  
  50  4:53  Hellion  
  50  4:54  Marine x2  
  52  5:01  SCV  
  52  5:02  SCV x2  
  55  5:10  Missile Turret  
  55  5:11  Missile Turret  
  55  5:13  Marine x2  
  61  5:14  Hellion x2  
  61  5:29  Refinery  
  61  5:31  Marine x2  
  61  5:32  Missile Turret  
  63  5:40  Barracks x2  
  63  5:43  Barracks  
  63  5:49  SCV x3, Marine x2  
  68  5:53  Missile Turret  
  68  6:01  SCV x2  
  70  6:07  Marine x2  
  72  6:14  Viking  
  72  6:18  SCV x3  
  77  6:24  Marine  
  77  6:25  Marine  
  76  6:26  Widow Mine x2  
  76  6:30  SCV x3  
  83  6:42  Marine x2  
  85  6:47  Widow Mine x2  
  87  7:06  Orbital Command  
  87  7:09  Widow Mine x2  
  87  7:14  SCV x2  
  93  7:16  Barracks Reactor, Barracks Tech Lab  
  93  7:17  Barracks Tech Lab  
  93  7:26  Supply Depot  
  93  7:27  Supply Depot  
  93  7:28  Supply Depot  
  93  7:29  Supply Depot  
  93  7:30  Terran Infantry Weapons Level 1  
  93  7:31  Supply Depot  
  93  7:35  SCV x2  
  93  7:36  Marine x2  
  91  7:47  SCV x2  
  93  7:51  Supply Depot x2  
  93  7:52  Supply Depot  
  93  7:53  Supply Depot  
  93  7:54  Marine x2  
  93  7:56  Supply Depot  
  95  8:05  Marauder x2  
  99  8:06  Marine x2  
  99  8:08  Stimpack  
  99  8:12  Marine x2  
  101  8:16  Supply Depot  
  101  8:17  Supply Depot  
  101  8:24  Marine x2  
  101  8:27  Marauder x2  
  107  8:30  Marine x2  
  109  8:38  Barracks  
  109  8:42  Factory Tech Lab, Marine x2  
  109  8:48  Marauder x2, Marine x2  
  114  8:59  Marine  
  114  9:00  Marine  
  116  9:09  Marauder x2  
  114  9:10  Marine  
  114  9:11  Marine  
  116  9:17  Marine x2  
  116  9:21  Medivac  
  120  9:28  Marine x2  
  120  9:31  Marauder x2  
  126  9:35  Marine x2  
  127  9:39  Siege Tank  
  129  9:46  Marine x2  
  129  9:50  Combat Shield  
  129  9:51  Concussive Shells, Medivac  
  129  9:52  Marauder x2  
  137  9:53  Marine x2  
  137  9:56  Marine  
  137  9:57  Marine  
  137  9:59  Missile Turret  
  141  10:03  Marine  
  141  10:04  Marine  
  143  10:11  Marine x2, Siege Tank  
  143  10:13  Marauder  
  143  10:14  Marauder  
  152  10:17  Missile Turret  
  152  10:18  Missile Turret  
  152  10:22  Missile Turret  
  152  10:35  Marauder x2  
  155  10:40  Missile Turret  
  137  10:56  Marauder x2  
  111  11:18  Marauder  
  93  11:41  Orbital Command  
  93  11:45  Marauder x2, Marine x6  
  90  12:03  Marine x6  
  90  12:04  Siege Tank  
  90  12:06  Marauder x2  
  103  12:20  Marine  
  103  12:21  Marine x5  
  109  12:25  Command Center  
  109  12:27  Marauder  
  109  12:28  Marauder  
  113  12:36  Siege Tank  
  116  12:38  Terran Infantry Armor Level 1, Marine  
  116  12:39  Marine x5  
  106  12:49  Marauder x2  
  78  12:56  Marine  
  78  12:57  Marine x2  
  67  13:01  Marine x2  
  67  13:02  Marine  
  68  13:08  Siege Tank  
  68  13:10  Marauder, Medivac  
  68  13:11  Marauder  
  77  13:14  Marine x3  
  77  13:19  Marine x2  
  82  13:20  Marine  
  83  13:31  Marauder  
  83  13:32  Marauder, Marine x3  
  90  13:41  Siege Tank  
  93  13:48  Bunker  
  93  13:53  Marauder x2  
  97  14:08  Sensor Tower  
  97  14:10  Missile Turret  
  97  14:11  Orbital Command  
  97  14:14  SCV x2, Marauder  
  97  14:15  Marauder  
Show
View Real Time Build Order
Export as new Build Order

Sunny Zerg - Winner!

Build Orders: Hatch First 

Get SALT Encoding   

  12  0:00  Drone  
  13  0:09  Drone  
  14  0:17  Overlord  
  14  0:36  Drone x3  
  17  0:58  Hatchery, Drone  
  17  0:59  Drone  
  18  1:11  Spawning Pool  
  18  1:14  Extractor  
  18  1:17  Drone  
  17  1:20  Drone  
  18  1:30  Drone  
  19  1:40  Drone  
  20  1:53  Drone  
  21  2:02  Zergling x2  
  22  2:09  Queen  
  22  2:11  Drone  
  22  2:13  Drone  
  26  2:20  Queen  
  26  2:22  Overlord  
  28  2:26  Overlord  
  28  2:44  Overlord x2  
  27  2:45  Drone x2  
  31  2:53  Zergling x2  
  31  2:57  Zergling x2  
  33  3:04  Drone  
  34  3:06  Queen  
  34  3:08  Drone  
  34  3:12  Lair  
  35  3:16  Drone, Roach Warren  
  35  3:17  Drone  
  36  3:24  Evolution Chamber  
  36  3:25  Evolution Chamber  
  34  3:28  Overlord x2  
  34  3:35  Drone  
  34  3:38  Drone  
  34  3:39  Drone x2  
  34  3:40  Drone  
  39  3:47  Drone  
  40  3:50  Drone  
  40  3:53  Zerg Missile Weapons Level 1  
  41  3:56  Zerg Ground Armor Level 1  
  41  3:59  Drone  
  41  4:02  Drone  
  43  4:08  Drone  
  43  4:09  Extractor  
  43  4:12  Drone  
  44  4:17  Overseer  
  44  4:23  Drone  
  44  4:24  Drone x2  
  46  4:25  Drone  
  46  4:29  Drone  
  49  4:33  Drone  
  50  4:46  Drone  
  50  4:47  Drone, Overlord  
  50  4:51  Hydralisk Den  
  51  4:54  Overlord  
  51  4:55  Roach x2  
  51  4:59  Extractor  
  54  5:00  Extractor  
  54  5:03  Hatchery, Zergling x2  
  54  5:05  Zergling x2  
  54  5:09  Zergling x4  
  56  5:18  Zergling x6, Overlord  
  56  5:20  Zergling x4  
  61  5:29  Hydralisk x2  
  61  5:34  Hydralisk  
  67  5:35  Hydralisk  
  67  5:36  Hydralisk, Overlord  
  67  5:37  Overlord  
  67  5:39  Drone  
  67  5:42  Drone x2  
  74  5:49  Zerg Missile Weapons Level 2  
  74  5:53  Drone  
  74  5:54  Drone  
  76  6:03  Hydralisk x2  
  80  6:05  Hydralisk  
  80  6:07  Drone  
  83  6:17  Hydralisk  
  85  6:20  Hydralisk x2  
  85  6:25  Drone x2  
  91  6:26  Drone  
  91  6:29  Spine Crawler  
  91  6:31  Spine Crawler  
  90  6:40  Hydralisk  
  90  6:45  Hydralisk x2  
  90  6:46  Hydralisk x2  
  100  6:48  Hydralisk  
  100  6:58  Drone x3  
  102  7:09  Hydralisk x3  
  102  7:10  Hydralisk  
  102  7:11  Hydralisk  
  102  7:12  Spine Crawler  
  102  7:15  Spine Crawler  
  110  7:22  Hydralisk x2  
  114  7:34  Hydralisk  
  114  7:40  Hydralisk  
  114  7:49  Overlord x5  
  114  7:50  Overlord x2  
  114  7:56  Pneumatized Carapace  
  114  7:59  Zerg Ground Armor Level 2  
  114  8:07  Extractor, Drone x2  
  114  8:08  Drone  
  116  8:15  Hydralisk x2  
  116  8:17  Drone x2  
  116  8:18  Drone x3  
  116  8:19  Drone, Muscular Augments  
  125  8:23  Hydralisk  
  127  8:36  Hydralisk x2  
  127  8:37  Hydralisk  
  127  8:38  Overlord  
  127  8:39  Zergling x6  
  127  8:40  Drone  
  137  8:45  Drone  
  138  8:50  Hydralisk  
  138  8:52  Zergling x2  
  141  9:02  Zergling x6  
  144  9:05  Zergling x2, Baneling Nest  
  144  9:06  Zergling x4  
  144  9:07  Zergling x2  
  145  9:12  Zergling x2  
  145  9:14  Zergling x2  
  147  9:30  Hydralisk  
  147  9:31  Grooved Spines, Hydralisk x2  
  149  9:36  Hydralisk x2  
  157  9:39  Hydralisk  
  157  9:40  Hatchery, Hydralisk  
  157  9:41  Extractor  
  158  9:46  Hydralisk  
  158  9:48  Hydralisk  
  158  9:51  Zergling x2  
  163  9:53  Drone  
  163  9:55  Centrifical Hooks  
  163  9:56  Drone  
  165  10:07  Hydralisk x2  
  165  10:09  Zergling x2  
  165  10:11  Drone  
  171  10:22  Zergling x6  
  171  10:26  Zergling x2  
  175  10:33  Drone x3  
  177  10:37  Hydralisk x2  
  169  10:49  Zergling x6  
  161  10:50  Zergling x2  
  161  10:53  Zergling x2  
  163  10:58  Zergling x6  
  163  10:59  Zergling x4  
  166  11:09  Zergling x4  
  166  11:10  Zergling x2  
  156  11:24  Drone x3  
  159  11:26  Drone  
  159  11:28  Zergling x2, Overlord  
  159  11:29  Zergling x4  
  163  11:37  Hydralisk x2  
  165  11:45  Hydralisk  
  165  11:46  Hydralisk x2  
  159  11:51  Hydralisk x3  
  163  11:59  Overlord x2  
  163  12:02  Hydralisk  
  163  12:03  Hydralisk x2  
  169  12:16  Overlord x2  
  169  12:19  Hydralisk x2  
  169  12:20  Hydralisk  
  169  12:22  Overlord  
  175  12:29  Overlord  
  175  12:30  Overlord x2  
  175  12:36  Zergling x2  
  176  12:39  Zergling x4  
  176  12:43  Zergling x4  
  165  12:46  Zergling x4  
  162  12:57  Zergling x4  
  162  12:58  Zergling x2  
  161  13:03  Zergling x4  
  161  13:19  Glial Reconstitution  
  161  13:20  Infestation Pit  
  161  13:24  Extractor x2  
  158  13:31  Spire  
  157  13:34  Drone x2  
  157  13:36  Drone  
  157  13:40  Zergling x2  
  161  13:48  Zergling x10  
  163  13:49  Zergling x10  
  163  13:51  Baneling  
  163  13:52  Baneling x13  
  163  13:53  Baneling x12  
  163  13:54  Baneling x8  
  171  13:57  Zergling x2  
  172  14:04  Drone x2  
Tags
 
Matchup
TvZ
Replay Pack
Multiplayer
Spawn Locations
Cross Positions
Add a new tag
Caveats
  • Supply blocks, unpowered buildings, or Contaminate may cause inaccurate times.
  • Supply counts are checked every 10 seconds.